 Dungeon Crawl Stone Soup version 0.16-a0-967-g37ceb3c (webtiles) character file.

363 Herrn the Skirmisher (level 6, -5/39 HPs)
             Began as a Gargoyle Fighter on Oct 2, 2014.
             Was an Initiate of Okawaru.
             Killed by nerve-wracking pain
             ... invoked by Menkaure
              (7 damage)
             ... on Level 4 of the Dungeon.
             The game lasted 00:10:23 (3282 turns).

Herrn the Skirmisher (Gargoyle Fighter)             Turns: 3282, Time: 00:10:23

HP  -5/39        AC 13     Str 19      XL: 6   Next: 67%
MP   6/6         EV  6     Int 10      God: Okawaru [......]
Gold 172         SH  9     Dex 10      Spells:  0 memorised,  5 levels left

rFire  . . .     SeeInvis .     a - +0 war axe
rCold  . . .     Clarity  .     b - +0 scale mail
rNeg   + . .     rCorr    .     c - +0 shield
rPois  +         rRot     +     (no helmet)
rElec  +         Spirit   .     (no cloak)
SustAb .         Warding  .     (no gloves)
rMut   .         Stasis   .     (no boots)
Gourm  .                        (no amulet)
MR     .....                    (no ring)
                                f - +2 ring of protection

@: not resistant to hostile enchantments, extremely unstealthy
A: negative energy resistance 1, electricity resistance, unbreathing,
petrification resistance, rot immunity, AC +4
a: Renounce Religion


You were on level 4 of the Dungeon.
You worshipped Okawaru.
Okawaru was noncommittal.
You were very hungry.

You visited 2 branches of the dungeon, and saw 5 of its levels.

You collected 172 gold pieces.

Inventory:

Hand weapons
 a - a +0 war axe (weapon)
Armour
 b - a +0 scale mail (worn)
 c - a +0 shield (worn)
Comestibles
 d - 5 bread rations
 h - 2 slices of pizza
 j - 3 fruits
 r - a rotting chunk of giant cockroach flesh
Scrolls
 e - a scroll of immolation {unknown}
 g - 6 scrolls of identify {unknown}
 k - 2 scrolls of remove curse {unknown}
 l - a scroll of enchant armour {unknown}
 m - a scroll of amnesia {unknown}
 o - a scroll of blinking {unknown}
 s - 2 scrolls of fear {unknown}
Jewellery
 f - a +2 ring of protection (left hand)
 i - an uncursed amulet of guardian spirit {unknown}
Potions
 p - a potion of heal wounds {unknown}
 q - a potion of restore abilities {unknown}


   Skills:
 * Level 4.7 Fighting
 * Level 3.6 Axes
 + Level 4.3 Armour
 + Level 1.5 Dodging
 + Level 4.5 Shields


You had 5 spell levels left.
You didn't know any spells.

Dungeon Overview and Level Annotations

Branches:
Dungeon (4/15)             Temple (1/1) D:4

Altars:
Ashenzari
Cheibriados
Dithmenos
Elyvilon
Gozag
Makhleb
Nemelex Xobeh
Okawaru
Qazlal
Sif Muna
Trog
Xom

Annotations:
D:4 Menkaure


Innate Abilities, Weirdness & Mutations

You are resistant to torment.
You are immune to poison.
Your stone body is very resilient (AC +4).
You resist negative energy.
You are resistant to electric shocks.
You can survive without breathing.
You are immune to petrification.
You are immune to rotting.


Message History

Menkaure is moderately damaged.
Menkaure completely misses you.
Menkaure gestures at you while chanting.
Pain shoots through your body!
Your shield and scale mail prevent you from hitting Menkaure.
Menkaure is moderately damaged.
Menkaure hits you!
You slash Menkaure!
Menkaure is severely damaged.
Menkaure hits you!
* * * LOW HITPOINT WARNING * * *
You block Menkaure's attack.
Your shield and scale mail prevent you from hitting Menkaure.
Menkaure is severely damaged.
Menkaure barely misses you. Menkaure hits you but does no damage.
Drink which item? (? for menu, Esc to quit)
Magic courses through your body.
It was a potion of magic.
Menkaure gestures at you while chanting.
Pain shoots through your body!
You die...

#..§........§...#
#...............# .
#...............#####..
#...............#.......
#§§...........§.#........
#§............§.#........
#...............#........
#######8.8#######.....)...
##)...@M............
#######...........#
#.#........# #........)..
##.......... #.....).....
#.>......... #...........
##).........


You could see Menkaure.

Vanquished Creatures
  The ghost of Herrn the Skirmisher, an average GrFi (D:3)
  A hound (D:4)
  4 worker ants (D:4)
  6 adders
  3 gnolls (D:3)
  A giant mite (D:3)
  A giant gecko (D:2)
  An orc (D:3)
  5 giant cockroaches
  10 goblins
  3 hobgoblins
  8 jackals
  4 quokkas
  A ball python (D:3)
  12 bats
  4 giant newts
  7 kobolds
  6 rats
78 creatures vanquished.

Notes
Turn   | Place    | Note
--------------------------------------------------------------
     0 | D:1      | Herrn, the Gargoyle Fighter, began the quest for the Orb.
     0 | D:1      | Reached XP level 1. HP: 14/14 MP: 1/1
   131 | D:1      | Found a shimmering altar of Xom.
   197 | D:1      | Reached XP level 2. HP: 17/20 MP: 2/2
   961 | D:2      | Reached XP level 3. HP: 18/24 MP: 3/3
  1167 | D:2      | Reached skill level 4 in Fighting
  1437 | D:2      | Reached XP level 4. HP: 21/29 MP: 4/4
  1919 | D:3      | Found a sparkling altar of Nemelex Xobeh.
  2075 | D:3      | Reached skill level 1 in Dodging
  2138 | D:3      | Reached XP level 5. HP: 29/33 MP: 5/5
  2150 | D:3      | Noticed Herrn's ghost (average GrFi)
  2168 | D:3      | Killed Herrn's ghost
  2925 | D:4      | Reached XP level 6. HP: 34/39 MP: 6/6
  3042 | D:4      | Found a staircase to the Ecumenical Temple.
  3052 | Temple   | Entered the Ecumenical Temple
  3224 | Temple   | Became a worshipper of Warmaster Okawaru
  3267 | D:4      | Noticed Menkaure
  3282 | D:4      | Killed from afar by Menkaure

Action                   |  1- 3 |  4- 6 || total
-------------------------+-------+-------++-------
Melee: War axe           |   101 |   174 ||   275
  Use: Potion            |       |     2 ||     2
  Eat: Chunk             |     2 |     5 ||     7
